 Dungeon Crawl Stone Soup version 0.30.0-29-ga12c61a403 (webtiles) character file.

Game seed: 11520272565467682220

455 Irreverend the Poker (level 6, -4/48 HPs)
             Began as a Demonspawn Fighter on June 6, 2023.
             Slain by Natasha (5 damage)
             ... on level 3 of the Dungeon.
             The game lasted 00:03:29 (2333 turns).

Irreverend the Poker (Demonspawn Fighter)           Turns: 2333, Time: 00:03:30

Health: -4/48      AC:  7    Str: 19    XL:     6   Next: 76%
Magic:  0/6        EV:  8    Int:  9    God:
Gold:   134        SH:  8    Dex: 12    Spells: 5/5 levels left

rFire   . . .        a - +0 trident
rCold   . . .        v - +0 kite shield
rNeg    . . .        b - +0 scale mail
rPois   .            (no helmet)
rElec   .            l - scarf {repulsion}
rCorr   .            (no gloves)
SInv    .            (no boots)
Will    .....        d - amulet of guardian spirit Stlth
                     (no ring)
HPRegen 0.28/turn    (no ring)
MPRegen 0.10/turn

%: repel missiles, guardian spirit
@: slowed, very slow
A: demonic magic 1, demonic touch 1
a: no special abilities


You were on level 3 of the Dungeon.
You visited 1 branch of the dungeon, and saw 5 of its levels.

You collected 134 gold pieces.

Inventory:

Hand Weapons
 a - a +0 trident (weapon)
Armour
 b - a +0 scale mail (worn)
 c - a +0 buckler
 h - a +0 chain mail
 l - a scarf of repulsion (worn)
 v - a +0 kite shield (worn)
Jewellery
 d - an amulet of guardian spirit (around neck)
 u - a ring of magical power
Scrolls
 f - a scroll of amnesia {unknown}
 j - 3 scrolls of teleportation {unknown}
 m - 2 scrolls of poison {unknown}
 n - 4 scrolls of identify {unknown}
 o - 2 scrolls of vulnerability {unknown}
 s - a scroll of enchant weapon {unknown}
 w - 2 scrolls of fear {unknown}
Potions
 e - 3 potions of attraction {unknown}
 g - 3 potions of curing
 i - 2 potions of degeneration {unknown}
 k - a potion of invisibility {unknown}
 p - a potion of cancellation {unknown}
 q - 5 potions of flight {unknown}
 r - 3 potions of mutation {unknown}
 t - a potion of heal wounds {unknown}


   Skills:
 + Level 4.2 Fighting
 * Level 4.4 Polearms
 + Level 3.9 Armour
 + Level 3.9 Shields


You had 5 spell levels left.
You didn't know any spells.
Your spell library contained the following spells:

 Spells                   Type           Power      Damage    Failure   Level
 Ozocubu's Armour         Ice            0%         N/A       100%        3
 Animate Armour           Summ/Erth      0%         N/A       100%        4
 Alistair's Intoxication  Tmut/Pois      0%         N/A       100%        5
 Blade Hands              Tmut           0%         N/A       100%        5
 Borgnjor's Vile Clutch   Necr/Erth      0%         N/A       100%        5
 Eringya's Noxious Bog    Tmut/Pois      0%         N/A       100%        6
 Iron Shot                Conj/Erth      0%         9d1       100%        6
 Ozocubu's Refrigeration  Ice            0%         4d7       100%        7


Dungeon Overview and Level Annotations

Branches:
Dungeon (5/15)
 Temple: D:4-7

Altars:

Annotations:
D:3 Natasha


Innate Abilities, Weirdness & Mutations

Spells you cast may paralyse adjacent enemies.
Your touch may inflict minor irresistible damage on your foes.


Message History

You closely miss Natasha.
Natasha is moderately wounded.
The cerulean imp disappears in a puff of smoke!
Natasha claws you but does no damage.
The cerulean imp hits you from afar with a +2 spear.
You hear some strange, mumbled words.
You are confused.
The cerulean imp hits you from afar with a +0 spear.
You miss Natasha.
Natasha is moderately wounded.
Natasha stares at you and mumbles some strange words.
You feel yourself slow down. The cerulean imp barely misses you.
The cerulean imp hits you from afar with a +0 spear.
* * * LOW HITPOINT WARNING * * *
Something hits you but does no damage. Natasha casts a spell at you.
The magic dart hits you.
* * * LOW HITPOINT WARNING * * *
You bump into the rock wall.
The cerulean imp disappears in a puff of smoke! x2
Something hits you.
* * * LOW HITPOINT WARNING * * *
Natasha claws you.
* * * LOW HITPOINT WARNING * * *
Something hits you.
* * * LOW HITPOINT WARNING * * *
You closely miss Natasha.
Natasha is moderately wounded.
Natasha barely misses you. Something hits you.
* * * LOW HITPOINT WARNING * * *
Natasha claws you but does no damage.
You miss Natasha.
Natasha is moderately wounded.
You feel less confused.
You hear some strange, mumbled words.
Something tries to affect you, but you resist.
Natasha claws you.
* * * LOW HITPOINT WARNING * * *
Something hits you but does no damage. Natasha claws you.
You die...

..#######...........#....#
#.#
..........<.........####.#
#.# #.####..............#
#.# #.#
#.####..............# #.#
#.# ....................#
#.# #.#
.........#.#######.## #.#
#.# .......#.#.# #.#
#.####.### ########.#.#
###.#####.#......#
.......#.#.#
#@........#.######
.....#.....#####h..#######.#
####.###......#..### #.#
####.# #.........# #.#
..##.###......##.##### #.#
..##.##......>.......# #.#
..##.##.......5......#####.#
..##.##....................#
.....##..............#######


You could see Natasha.

Vanquished Creatures
  Sigmund (D:2)
  2 black bears (D:5)
  An iguana (D:5)
  3 adders (D:2)
  A dart slug (D:1)
  4 orcs
  6 bats
  6 endoplasms
  7 goblins
  3 hobgoblins
  3 kobolds
  3 quokkas
  6 ball pythons
  3 frilled lizards
  3 rats
52 creatures vanquished.

Notes
Turn   | Place    | Note
-------+----------+-------------------------------------------
     0 | D:1      | Irreverend the Demonspawn Fighter began the quest for the
                  | Orb.
     0 | D:1      | Reached XP level 1. HP: 18/18 MP: 1/1
   103 | D:1      | Gained mutation: Your touch may inflict minor irresistible
                  | damage on your foes. [demonic ancestry]
   103 | D:1      | Reached XP level 2. HP: 22/24 MP: 2/2
   681 | D:2      | Gained mutation: Spells you cast may paralyse adjacent
                  | enemies. [demonic ancestry]
   681 | D:2      | Reached XP level 3. HP: 27/29 MP: 3/3
   994 | D:2      | Noticed Sigmund
  1017 | D:2      | Killed Sigmund
  1018 | D:2      | Reached XP level 4. HP: 31/37 MP: 4/4
  1018 | D:2      | Reached XP level 5. HP: 35/42 MP: 5/5
  1349 | D:3      | You fall into a shaft and drop 2 floors!
  1349 | D:5      | Entered Level 5 of the Dungeon
  1350 | D:5      | Noticed a black bear
  1360 | D:5      | Killed a black bear
  1361 | D:5      | Reached XP level 6. HP: 25/48 MP: 6/6
  2296 | D:4      | Noticed Natasha
  2331 | D:3      | HP: 2/48 [something (1)]
  2333 | D:3      | Slain by Natasha

Illustrated notes

Levels and vault maps discovered:
D:1:      lemuel_arrival_tunnels, layout_basic
D:2:      layout_basic, kennysheep_generic_room_7, uniq_sigmund
D:3:      layout_basic
D:4:      layout_cave_pools, minmay_between, uniq_natasha,
          uniq_crazy_yiuf_cottage, uniq_pikel
D:5:      layout_cave_pools

Skill      XL: |  1  2  3  4  5 |
---------------+----------------+-----
Polearms       | 2 3 4 |  4.4
Armour         | 3 |  3.9
Shields        | 3 |  3.9
Fighting       | 4 |  4.2

Action                     |  1- 3 |  4- 6 || total
---------------------------+-------+-------++-------
  Melee: Trident           |   109 |    73 ||   182
    Use: Potion            |     1 |     2 ||     3
 Armour: Scale mail        |    32 |    49 ||    81
         Chain mail        |     8 |       ||     8
  Dodge: Dodged            |    38 |    31 ||    69
  Block: Buckler           |    18 |     8 ||    26
         Kite shield       |       |    21 ||    21
